 Dungeon Crawl Stone Soup version 0.29-a0-982-gaed3a0c8d8 (webtiles) character file.

Game seed: 644015613800087040

64951 ragingrage the Severer (level 15, -11/138 HPs)
             Began as a Naga Monk on Aug 1, 2022.
             Was a High Priest of Cheibriados.
             Hit by a large rock thrown by a cyclops (30 damage)
             ... on level 2 of the Orcish Mines.
             The game lasted 00:39:54 (27513 turns).

ragingrage the Severer (Naga Monk)                 Turns: 27513, Time: 00:39:55

Health: -11/138    AC: 17    Str: 33    XL:     15   Next: 14%
Magic:  10/24      EV:  9    Int: 30    God:    Cheibriados [*****.]
Gold:   958        SH:  0    Dex: 31    Spells: 12/14 levels left

rFire   + . .      SeeInvis +   a - +9 executioner's axe (elec)
rCold   . . .      Faith    .   (shield currently unavailable)
rNeg    + . .      Spirit   .   U - +2 chain mail of Qumirch {Dex+4}
rPois   +          Reflect  .   k - +0 helmet
rElec   +          Harm     .   V - +1 cloak
rCorr   .          Rampage  .   g - +0 pair of gloves
Will    +....                   (no barding)
Stlth   ..........              F - amulet of the acrobat
HPRegen 0.33/turn               Y - ring of Ashenzari's Fury {rElec rPois rF+ rN+ Slay+3 SInv}
MPRegen 0.19/turn               D - +6 ring of intelligence

@: lethally poisoned (-11 -> -13), very slow
A: AC +5, large, see invisible, deformed body, poison resistance, slowness 2,
spit poison 1, naga tail 2
a: Spit Poison, Renounce Religion, Bend Time, Temporal Distortion, Slouch, Step
From Time


You were on level 2 of the Orcish Mines.
You worshipped Cheibriados.
Cheibriados was extremely pleased with you.
You visited 4 branches of the dungeon, and saw 20 of its levels.
You also visited: Volcano.

You collected 1813 gold pieces.
You spent 855 gold pieces at shops.

Inventory:

Hand Weapons
 a - a +9 executioner's axe of electrocution (weapon)
 b - the +7 sling "Jelly's Demise" {flame, rPois rC+ Str+5 Dex-4}
   (You found it in a volcano)

   Any ammunition fired from it burns those it strikes, dealing additional fire
   damage.
   Str:       It affects your strength (+5).
   Dex:       It affects your dexterity (-4).
   rC:        It protects you from cold.
   rPois:     It protects you from poison.
 E - the +9 mace of Pifuxuh {venom, Fly Str+3}
   (You found it on level 4 of the Dungeon)

   It poisons the flesh of those it strikes.
   Str:       It affects your strength (+3).
   Fly:       It grants you flight.
 W - a +1 glaive of flaming
Missiles
 f - 6 throwing nets
 n - 18 poisoned darts
 x - 4 curare-tipped darts (quivered)
Armour
 g - a +0 pair of gloves (worn)
 k - a +0 helmet (worn)
 U - the +2 chain mail of Qumirch (worn) {Dex+4}
   (You found it on level 2 of the Lair of Beasts)

   Dex:       It affects your dexterity (+4).
 V - a +1 cloak (worn)
Jewellery
 u - a ring of willpower
 w - a ring of fire
 D - a +6 ring of intelligence (right hand)
 F - an amulet of the acrobat (around neck)
 T - a ring of protection from fire
 Y - the ring of Ashenzari's Fury (left hand) {rElec rPois rF+ rN+ Slay+3 SInv}
   (You bought it in a shop on level 12 of the Dungeon)

   [ring of see invisible]

   Slay:      It affects your accuracy & damage with ranged weapons and melee
   (+3).
   rF:        It protects you from fire.
   rElec:     It insulates you from electricity.
   rPois:     It protects you from poison.
   rN:        It protects you from negative energy.
   SInv:      It lets you see invisible.
Wands
 h - a wand of flame (27)
 r - a wand of quicksilver (9)
 v - a wand of digging (4)
 L - a wand of charming (16)
 M - a wand of polymorph (8)
 R - a wand of roots (24)
 S - a wand of mindburst (9)
Scrolls
 d - 2 scrolls of magic mapping
 i - 3 scrolls of poison
 o - 8 scrolls of teleportation
 p - 5 scrolls of amnesia
 s - a scroll of butterflies
 y - a scroll of identify
 A - a scroll of enchant weapon
 B - 5 scrolls of fear
 G - 3 scrolls of blinking
 H - a scroll of immolation
 J - a scroll of summoning
 K - 2 scrolls of vulnerability
 X - 4 scrolls of enchant armour
Potions
 c - 4 potions of ambrosia
 e - 5 potions of heal wounds
 j - a potion of resistance
 l - 9 potions of curing
 m - 6 potions of haste
 q - 4 potions of might
 t - 4 potions of lignification
 z - 7 potions of brilliance
 C - 4 potions of attraction
 I - 3 potions of mutation {unknown}
 N - a potion of cancellation {unknown}
 O - 4 potions of flight {unknown}
 Q - 4 potions of berserk rage {unknown}
Miscellaneous
 P - a phantom mirror
 Z - a phial of floods


   Skills:
 - Level 10.0 Fighting
 + Level 19.4 Axes
 - Level 5.0 Armour
 - Level 2.4 Dodging
 - Level 3.0 Stealth
 - Level 7.0 Poison Magic
 - Level 13.0 Invocations
 - Level 5.0 Evocations


You had 12 spell levels left.
You knew the following spells:

 Your Spells              Type           Power      Damage    Failure   Level
a - Poisonous Vapours     Pois/Air       42%        N/A       14%         2

Your spell library contained the following spells:

 Spells                   Type           Power      Damage    Failure   Level
 Ensorcelled Hibernation  Hex/Ice        0%         N/A       52%         2
 Passwall                 Tmut/Erth      0%         N/A       52%         2
 Sublimation of Blood     Necr           0%         N/A       52%         2
 Wereblood                Tmut           0%         N/A       52%         2
 Call Canine Familiar     Summ           0%         N/A       77%         3
 Frozen Ramparts          Ice            0%         1d8       77%         3
 Portal Projectile        Hex/Tloc       0%         N/A       77%         3
 Swiftness                Air            0%         N/A       77%         3
 Corpse Rot               Necr/Pois/Air  13%        N/A       85%         4
 Anguish                  Hex/Necr       0%         N/A       99%         4
 Ice Form                 Ice/Tmut       0%         N/A       99%         4
 Leda's Liquefaction      Hex/Erth       0%         N/A       99%         4
 Petrify                  Tmut/Erth      0%         N/A       99%         4
 Summon Ice Beast         Ice/Summ       0%         N/A       99%         4
 Metabolic Englaciation   Hex/Ice        0%         N/A       100%        5
 Statue Form              Tmut/Erth      0%         N/A       100%        6
 Enfeeble                 Hex            0%         N/A       100%        7
 Summon Hydra             Summ           0%         N/A       100%        7


Dungeon Overview and Level Annotations

Branches:
Dungeon (12/15)            Temple (1/1) D:5            Lair (5/5) D:10
  Swamp (0/4) Lair:3        Snake (0/4) Lair:2        Slime (0/5) Lair:5
    Orc (2/2) D:12        Volcano (visited)
    Elf: Orc:2

Altars:
Ashenzari
Cheibriados
Dithmenos
Elyvilon
Fedhas
Gozag
Hepliaklqana
Kikubaaqudgha
Makhleb
Nemelex Xobeh
Okawaru
Qazlal
Sif Muna
Uskayaw
Vehumet
Xom
Yredelemnul
Zin
The Shining One
Jiyva
Lugonu

Shops:
D:8 *   D:9 :   D:12 =

Portals:
Abyss: Lair:5

Annotations:
D:7 exclusion: downstairs
D:8 exclusion: downstairs
D:11 exclusion: downstairs
Lair:3 2 transporters
Lair:4 exclusion: oklob plant
Orc:1 2 transporters


Innate Abilities, Weirdness & Mutations

Your serpentine skin is tough. (AC +5)
You have supernaturally acute eyesight. (SInv)
Armour fits poorly on your strangely shaped body.
Your system is resistant to poisons. (rPois)
You cover ground very slowly.
You can spit poison.
You can use your snake-like lower body to constrict enemies.


Message History

Cheibriados appreciates the change of pace.
You kill the orc!
Cheibriados thoroughly appreciates the change of pace.
You kill the orc!
Cheibriados appreciates the change of pace.
You kill the orc wizard!
Cheibriados appreciates the change of pace.
Cheibriados lowers the support of your attributes as your movement quickens.
You feel sick.
The orc warrior hits you from afar with a +0 halberd of venom!!
An orc warrior comes into view. It is wielding a +0 long sword.
The orc knight hits you but does no damage.
You hit the orc knight. You grab the orc knight.
The orc knight is severely wounded.
You slash the ogre!
You kill the ogre!
Cheibriados appreciates the change of pace.
You constrict the orc knight.
You feel sick. The orc knight barely misses you.
The orc warrior hits you from afar with a +0 halberd of venom.
The cyclops throws a large rock.
The large rock hits you!!
* * * LOW HITPOINT WARNING * * *
The cyclops throws a large rock.
The large rock hits you.
* * * LOW HITPOINT WARNING * * *
You hear a shout!
You feel much better.
You constrict the orc knight.
You feel sick. The orc warrior barely misses you.
The orc knight hits you with a +1 long sword of holy wrath!
* * * LOW HITPOINT WARNING * * *
The cyclops throws a large rock.
The large rock hits you but does no damage.
Activating: Slouch (1% risk of failure)
Press: ? - help, Dir - look around, f - activate You can feel time thicken for a moment.
You kill the orc warrior!
Cheibriados thoroughly appreciates the change of pace.
You kill the orc knight!
Cheibriados thoroughly appreciates the change of pace.
Cheibriados lowers the support of your attributes as your movement quickens.
You feel sick.
The cyclops throws a large rock.
The large rock hits you!!
You die...

...$.....##....
..........#....
............)..
. .).......o...
..$....).......
....#....).$...
......).......P
.....))@).C..P.
......))..C.P..
...............
..............P
.........$.....
.............P.
............#..
...............


You could see 2 cyclopes and an orc warrior.

Vanquished Creatures
  Rupert (Lair:5)
  Kirke (Lair:5)
  Snorg (D:12)
  An ettin (Orc:2)
  5 hydras
  A rakshasa (D:12)
  A boulder beetle (Lair:2)
  Harold (Orc:1)
  A centaur warrior (D:8)
  Erica (Lair:2)
  A catoblepas (Lair:2)
  4 two-headed ogres
  8 death yaks (Lair:5)
  2 thrashing horrors (Lair:5)
  A hell knight (Volcano)
  Nergalle (D:12)
  Lodul (D:12)
  4 skeletal warriors (D:12)
  3 large abominations (Lair:5)
  An orc knight (Orc:2)
  A wolf spider (shapeshifter) (Lair:5)
  A deep elf pyromancer (Volcano)
  2 ugly things
  5 cyclopes
  2 salamanders (Volcano)
  2 black mambas (Lair:5)
  8 elephants
  Maurice (D:8)
  2 molten gargoyles (Volcano)
  2 torpor snails
  A smoke demon (Lair:5)
  3 gargoyles
  Maggie (D:7)
  11 cane toads
  An efreet (Volcano)
  An unseen horror (D:10)
  9 komodo dragons
  A rime drake (Lair:3)
  A kobold demonologist (D:10)
  3 ancient zymes (Lair:5)
  2 trolls (D:10)
  5 polar bears
  3 slime creatures
  9 blink frogs (Lair:5)
  4 dream sheep (Lair:4)
  A spriggan (Lair:5)
  5 wyverns
  2 shadows
  Sigmund (D:3)
  2 ynoxinuls (Lair:5)
  55 yaks
  A fire bat (D:9)
  2 wraiths
  A hog (Lair:5)
  2 steam dragons
  2 chaos spawn (Lair:5)
  6 basilisks
  A naga (Lair:2)
  2 swamp worms (Lair:3)
  11 water moccasins
  2 black bears
  6 orc warriors
  2 sky beasts (D:7)
  9 wolves (Lair:2)
  10 ogres
  7 centaurs
  12 small abominations (Lair:5)
  11 bullfrogs
  2 necrophages
  2 gnoll sergeants
  4 scorpions
  10 wights
  6 killer bees (D:9)
  3 howler monkeys
  2 electric eels
  A hound (D:5)
  A jelly (Lair:5)
  8 orc priests
  3 gnoll boudas
  6 iguanas
  15 orc wizards
  Robin (D:2)
  18 gnolls
  4 adders
  A white imp (D:7)
  2 ufetubi
  2 worms (D:3)
  3 dart slugs
  39 orcs
  4 bats
  6 endoplasms
  3 giant cockroaches
  15 goblins
  18 hobgoblins
  7 quokkas
  12 ball pythons
  A frilled lizard (D:1)
  4 kobolds
  6 rats
483 creatures vanquished.

Vanquished Creatures (others)
  3 humans (Lair:5)
  38 fungi
  31 plants
72 creatures vanquished.

Grand Total: 555 creatures vanquished

Notes
Turn   | Place    | Note
-------+----------+-------------------------------------------
     0 | D:1      | ragingrage the Naga Monk began the quest for the Orb.
     0 | D:1      | Reached XP level 1. HP: 21/21 MP: 1/1
   260 | D:1      | Reached XP level 2. HP: 26/28 MP: 2/2
   614 | D:1      | Reached skill level 4 in Axes
   770 | D:1      | Reached XP level 3. HP: 32/34 MP: 3/3
  1004 | D:1      | Found a faded altar of an unknown god.
  1665 | D:2      | Reached XP level 4. HP: 42/42 MP: 4/4
  1675 | D:2      | Noticed Robin
  1681 | D:2      | Killed Robin
  1682 | D:2      | Reached skill level 5 in Axes
  2162 | D:3      | Identified the +7 hand axe "Cacu" {vorpal, rPois}
  2283 | D:3      | Noticed Sigmund
  2290 | D:3      | Killed Sigmund
  2291 | D:3      | Reached skill level 6 in Axes
  2291 | D:3      | Reached XP level 5. HP: 33/49 MP: 5/5
  2291 | D:3      | Reached XP level 6. HP: 37/56 MP: 6/6
  2846 | D:3      | Found a sparkling altar of Nemelex Xobeh.
  2943 | D:4      | Reached skill level 7 in Axes
  3093 | D:4      | Noticed a water moccasin
  3104 | D:4      | Killed a water moccasin
  3105 | D:4      | Reached XP level 7. HP: 41/62 MP: 7/7
  3257 | D:4      | Reached skill level 8 in Axes
  3359 | D:4      | Found a shimmering altar of Xom.
  3361 | D:4      | Found a white marble altar of Elyvilon.
  3852 | D:4      | Identified the +9 mace of Pifuxuh {venom, Fly Str+3}
  3967 | D:5      | Entered Level 5 of the Dungeon
  4132 | D:5      | Reached skill level 9 in Axes
  4415 | D:5      | Noticed a steam dragon
  4426 | D:5      | Reached XP level 8. HP: 32/69 MP: 8/8
  4925 | D:5      | Reached skill level 10 in Axes
  5044 | D:5      | Found a staircase to the Ecumenical Temple.
  5058 | Temple   | Entered the Ecumenical Temple
  5121 | Temple   | Became a worshipper of Cheibriados the Contemplative
  5121 | Temple   | Reached * piety under Cheibriados
  5121 | Temple   | Reached ** piety under Cheibriados
  5383 | D:6      | Reached skill level 11 in Axes
  5733 | D:6      | Reached XP level 9. HP: 21/75 MP: 9/9
  6063 | D:7      | Learned a level 2 spell: Poisonous Vapours
  6067 | D:7      | Reached skill level 1 in Poison Magic
  6293 | D:7      | Reached *** piety under Cheibriados
  6306 | D:7      | Reached skill level 12 in Axes
  6664 | D:7      | Reached skill level 1 in Invocations
  6804 | D:7      | Identified the +0 ring mail of Ybruttaj {rElec Will+ Str+2
                  | Int-4}
  7141 | D:7      | Noticed Maggie
  7151 | D:7      | Killed Maggie
  7152 | D:7      | Reached skill level 5 in Poison Magic
  7246 | D:8      | Noticed Maurice
  7407 | D:8      | Reached XP level 10. HP: 42/84 MP: 12/12
  7409 | D:8      | Reached **** piety under Cheibriados
  7421 | D:8      | Killed Maurice
  7422 | D:8      | Reached skill level 13 in Axes
  7599 | D:8      | Found Koapp's General Store.
  8219 | D:9      | Found Goumiss's Book Shop.
  8239 | D:9      | Noticed a centaur warrior
  8358 | D:8      | Killed a centaur warrior
  8516 | D:9      | Noticed Erolcha
  8518 | D:9      | Noticed Erolcha
  8518 | D:9      | Erolcha changed into Erolcha the fire bat
  8528 | D:9      | Killed Erolcha the fire bat
  8628 | D:9      | Reached skill level 5 in Invocations
  9475 | D:9      | Reached skill level 14 in Axes
  9645 | D:10     | Entered Level 10 of the Dungeon
  9645 | D:10     | Found a staircase to the Lair.
  9648 | D:10     | Noticed a two-headed ogre
  9800 | D:10     | Killed a two-headed ogre
  9871 | D:9      | Reached XP level 11. HP: 65/92 MP: 7/15
 10018 | D:10     | Reached ***** piety under Cheibriados
 10223 | D:10     | Identified the +8 quarterstaff of Nixat {vorpal, Fly rElec
                  | Str+2 Int+4}
 10418 | D:10     | Found a burning altar of Makhleb.
 10453 | D:10     | Reached skill level 5 in Fighting
 11239 | D:11     | Noticed a two-headed ogre
 11249 | D:11     | Killed a two-headed ogre
 11474 | D:11     | Noticed a two-headed ogre
 11487 | D:11     | Killed a two-headed ogre
 11976 | D:11     | Identified a scroll of acquirement
 11976 | D:11     | Acquired a +4 executioner's axe of electrocution
 12559 | D:11     | Reached skill level 1 in Armour
 12953 | D:12     | Noticed a two-headed ogre
 12953 | D:12     | Noticed a rakshasa
 13004 | Lair:1   | Entered Level 1 of the Lair of Beasts
 13084 | Lair:1   | Reached skill level 15 in Axes
 13617 | Lair:1   | Reached XP level 12. HP: 87/106 MP: 18/18
 13761 | Lair:1   | Reached skill level 1 in Evocations
 14125 | Lair:1   | Noticed an eight-headed hydra
 14136 | Lair:1   | Killed a four-headed hydra
 14565 | Lair:2   | Found a staircase to the Snake Pit.
 14665 | Lair:2   | Noticed a boulder beetle
 14678 | Lair:2   | Killed a boulder beetle
 14729 | Lair:2   | Identified the +7 short sword of Abuse {vorpal, rPois Dex+3
                  | SInv}
 15664 | Lair:2   | Noticed a catoblepas
 15698 | Lair:2   | Killed a catoblepas
 16136 | Lair:2   | Identified the +2 chain mail of Qumirch {Dex+4}
 16149 | Lair:2   | Noticed a five-headed hydra
 16156 | Lair:2   | Killed a one-headed hydra
 16465 | Lair:2   | Noticed Erica
 16478 | Lair:2   | Killed Erica
 16854 | Lair:3   | Found a transporter.
 16952 | Lair:3   | Gained mutation: You can use your snake-like lower body to
                  | constrict enemies. [Naga growth]
 16952 | Lair:3   | Reached XP level 13. HP: 117/117 MP: 20/20
 16975 | Lair:3   | Found a dark tunnel.
 17011 | Volcano  | Entered a volcano
 17027 | Volcano  | Reached skill level 5 in Evocations
 17088 | Volcano  | Reached skill level 5 in Armour
 17322 | Volcano  | Identified the +7 sling "Jelly's Demise" {flame, rPois rC+
                  | Str+5 Dex-4}
 17339 | Volcano  | Reached skill level 10 in Invocations
 17363 | Volcano  | Noticed an orb of fire
 17376 | Volcano  | Reached skill level 16 in Axes
 17498 | Volcano  | Reached ****** piety under Cheibriados
 17630 | Volcano  | Noticed an orb of fire
 17960 | Lair:3   | Found a transporter.
 18308 | Lair:3   | Found a staircase to the Swamp.
 19960 | Lair:4   | You fall into a shaft and drop 1 floor!
 19960 | Lair:5   | Entered Level 5 of the Lair of Beasts
 19979 | Lair:5   | Reached skill level 17 in Axes
 19981 | Lair:5   | Reached XP level 14. HP: 105/127 MP: 6/23
 20527 | Lair:4   | Identified the +1 ring mail "Inoheb" {Contam +Blink Int+3}
 21366 | Lair:5   | Noticed Rupert
 21377 | Lair:5   | Killed Rupert
 23083 | Lair:5   | Found a staircase to the Slime Pits.
 23318 | Lair:5   | Reached skill level 10 in Fighting
 23349 | Lair:5   | Noticed Sonja
 23350 | Lair:5   | Noticed Sonja
 23350 | Lair:5   | Sonja changed into Sonja the black mamba
 23355 | Lair:5   | Killed Sonja the black mamba
 23364 | Lair:5   | Noticed Kirke
 23385 | Lair:5   | Killed Kirke
 23522 | Lair:5   | Reached skill level 18 in Axes
 24155 | Lair:5   | Found a viscous altar of Jiyva.
 24675 | Lair:5   | Found a corrupted altar of Lugonu.
 24675 | Lair:5   | Found a one-way gate to the infinite horrors of the Abyss.
 24919 | D:12     | Noticed Lodul
 24930 | D:12     | Killed Lodul
 25142 | D:12     | Found a staircase to the Orcish Mines.
 25483 | D:12     | Noticed Nergalle
 25487 | D:12     | Killed Nergalle
 26237 | D:12     | Found Jedghaiq's Jewellery Boutique.
 26247 | D:12     | Bought the ring of Ashenzari's Fury {rElec rPois rF+ rN+
                  | Slay+3 SInv} for 855 gold pieces
 26521 | Orc:1    | Entered Level 1 of the Orcish Mines
 26533 | D:12     | Reached skill level 19 in Axes
 26533 | D:12     | Reached XP level 15. HP: 53/138 MP: 24/24
 26816 | D:12     | Noticed Snorg
 26823 | D:12     | Killed Snorg
 27343 | Orc:1    | Noticed Harold
 27348 | Orc:1    | Found a burning altar of Makhleb.
 27350 | Orc:1    | Killed Harold
 27440 | Orc:1    | Found a transporter.
 27442 | Orc:1    | Found a transporter.
 27446 | Orc:1    | Noticed an orc warlord
 27499 | Orc:2    | Entered Level 2 of the Orcish Mines
 27513 | Orc:2    | Hit by a large rock thrown by a cyclops

Illustrated notes

Levels and vault maps discovered:
D:1:      roderic_crossed_star, layout_rooms,
          dreamdust_ecumenical_altar_sealed_demon
D:2:      layout_loops_cross, uniq_robin
D:3:      layout_basic, nemelex_dance_club_becter, uniq_sigmund
D:4:      minmay_bubble_buster, layout_cave_pools,
          chequers_temple_overflow_statue_of_worship,
          hangedman_decor_peaks_small, minmay_misc_feat_enclosed,
          minmay_mini_jars
D:5:      layout_basic, minmay_temple_entry_trees
D:6:      layout_rooms
D:7:      layout_rooms, grunt_ministairs_8, uniq_maggie
D:8:      layout_cave_pools, serial_shops, shop, uniq_maurice
D:9:      layout_irregular_city, serial_shops, nicolae_shop_statue_plus,
          uniq_erolcha
D:10:     layout_basic, mainiacjoe_overflow_concentric_impassable,
          lair_entry_dummy
D:11:     layout_basic
D:12:     layout_roguey, david_orc_3, serial_shops, nicolae_lakefront_shop,
          corner_web_ring, uniq_snorg, uniq_nergalle, uniq_lodul
Temple:   nicolae_temple_two_arcs
Lair:1:   layout_hall_layers, gammafunk_lair_bear_cave,
          infiniplex_staircase_pool
Lair:2:   layout_concentric_octagons, guppyfry_snake_entry_island,
          infiniplex_staircase_pool_2, uniq_erica
Lair:3:   gammafunk_worm_tunnel, layout_loops_ring, minmay_swamp_entry_worms,
          lightli_volcano_entry_magma_tube, beast_lair_carwin_5,
          serial_bayou_shore_b
Lair:4:   layout_gridlike, minmay_lair_oklob_items,
          chequers_serial_rivers_small_a
Lair:5:   hellmonk_lair_end_abyssal_woods, layout_cave_pods,
          minmay_slime_entry_pillars, uniq_kirke, uniq_rupert, uniq_sonja
Orc:1:    gammafunk_beogh_shrine, layout_caves, serial_shops, shop,
          bloody_makhleb, uniq_harold
Orc:2:    grunt_orc_gardens, layout_caves, grunt_orc_garden, grunt_orc_garden,
          grunt_orc_garden, grunt_orc_garden, minmay_shop_enchanted_jewellery,
          lightli_church_of_beogh

Skill      XL: |  1  2  3  4  5  6  7  8  9 10 11 12 13 14 |
---------------+-------------------------------------------+-----
Axes           | 4 6 7 9 11 12 14 15 17 19 | 19.4
Poison Magic   | 5 7 |  7.0
Invocations    | 3 6 8 9 12 13 | 13.0
Fighting       | 4 6 8 10 | 10.0
Armour         | 2 4 5 |  5.0
Evocations     | 4 5 |  5.0
Dodging        | |  2.4
Stealth        | |  3.0

Action                   |  1- 3 |  4- 6 |  7- 9 | 10-12 | 13-15 || total
-------------------------+-------+-------+-------+-------+-------++-------
Melee: Hand axe          |     8 |    29 |   269 |   477 |   382 ||  1165
       Whip              |    71 |    26 |       |       |       ||    97
       Punch             |       |       |     3 |     8 |    12 ||    23
       Glaive            |       |       |       |    10 |    12 ||    22
       Constrict         |       |       |       |       |   121 ||   121
       Executioner's axe |       |       |       |       |    88 ||    88
       Mace              |       |       |       |       |     2 ||     2
 Fire: Shortbow          |       |     4 |       |     6 |       ||    10
       Sling             |       |       |       |       |    35 ||    35
Throw: Dart              |       |       |       |    11 |     8 ||    19
 Cast: Poisonous Vapours |       |       |       |   118 |    95 ||   213
Invok: Slouch            |       |       |       |     2 |     6 ||     8
       Step From Time    |       |       |       |       |     1 ||     1
 Abil: Spit Poison       |    12 |     6 |    14 |     5 |     9 ||    46
Evoke: Wand              |       |       |     5 |     5 |     7 ||    17
  Use: Scroll            |       |       |     5 |    16 |    12 ||    33
       Potion            |       |       |     5 |       |     2 ||     7
 Stab: Sleeping          |     5 |     1 |     5 |     4 |       ||    15
       Invisible         |       |       |     2 |     5 |       ||     7
       Distracted        |       |       |       |     1 |     1 ||     2
Armor: Robe              |    37 |     9 |    44 |       |       ||    90
       Steam dragon scal |       |       |    24 |       |       ||    24
       Ring mail         |       |       |    11 |   173 |    96 ||   280
       Chain mail        |       |       |       |       |    10 ||    10
Dodge: Dodged            |    51 |    15 |   175 |   237 |   254 ||   732

Table legend: (Time is in decaauts)
 A = Elapsed time spent in this place.
 B = Non-inter-level travel time spent in this place.
 C = Inter-level travel time spent in this place.
 D = Time resting spent in this place.
 E = Time spent auto-exploring this place.
 F = Levels seen in this place.
 G = Mean time per level.
                   A        B        C        D        E       F      G
               +--------+--------+--------+--------+--------+-----+--------+
         Total |  40652 |  38174 |   2478 |   7348 |  25796 |  21 | 1935.8 |
       Dungeon |  21342 |  19942 |   1400 |   3375 |  14066 |  12 | 1778.5 |
        Temple |    105 |     76 |     29 |      0 |     68 |   1 |  105.0 |
          Lair |  17740 |  16709 |   1031 |   3490 |  11048 |   5 | 3548.0 |
  Orcish Mines |    373 |    357 |     16 |     39 |    246 |   2 |  186.5 |
       Volcano |   1090 |   1090 |      0 |    443 |    365 |   1 | 1090.0 |
               +--------+--------+--------+--------+--------+-----+--------+

Top non-repeatable levels by time:
  Lair:5: 5086 daAuts
  Lair:2: 3747 daAuts
  Lair:4: 3246 daAuts
    D:12: 3023 daAuts
    D:11: 2959 daAuts
  Lair:3: 2921 daAuts
  Lair:1: 2738 daAuts
     D:9: 2294 daAuts
    D:10: 2180 daAuts
     D:8: 1861 daAuts
     D:6: 1517 daAuts
     D:7: 1437 daAuts
     D:2: 1350 daAuts
     D:5: 1267 daAuts
     D:4: 1261 daAuts
